 Dungeon Crawl Stone Soup version 0.30-a0-172-gc5509c9e31 (webtiles) character file.

Game seed: 12204030661079582494

0 blackman the Chiller (level 1, 14/14 HPs)
             Began as a Demigod Wanderer on Oct 2, 2022.
             Quit the game on level 1 of the Dungeon.
             The game lasted 00:00:09 (22 turns).

blackman the Chiller (Demigod Wanderer)               Turns: 22, Time: 00:00:10

Health: 14/14      AC:  2    Str: 13    XL:     1   Next: 6%
Magic:  4/4        EV: 11    Int: 18    God:
Gold:   0          SH:  0    Dex:  9    Spells: 2/2 levels left

rFire   . . .      SeeInvis .    a - +0 club
rCold   . . .      Faith    .    (no shield)
rNeg    . . .      Spirit   .    c - +0 robe
rPois   .          Reflect  .    (no helmet)
rElec   .          Harm     .    (no cloak)
rCorr   .          Rampage  .    (no gloves)
Will    .....                    (no boots)
Stlth   +.........               (no amulet)
HPRegen 0.22/turn                (no ring)
MPRegen 0.09/turn                (no ring)

@: no status effects
A: high MP 1, forlorn, divine attributes
a: no special abilities


You were on level 1 of the Dungeon.
You visited 1 branch of the dungeon, and saw 1 of its levels.

Inventory:

Hand Weapons
 a - a +0 club (weapon)
Armour
 c - a +0 robe (worn)
Potions
 b - a potion of heal wounds
Miscellaneous
 d - a piece from Xom's chessboard (15/15) (quivered)


   Skills:
 + Level 1.0 Armour
 + Level 1.0 Dodging
 + Level 1.0 Stealth
 + Level 1.0 Spellcasting
 + Level 1.0 Hexes
 + Level 2.7 Ice Magic
 + Level 1.7 Evocations


You had 2 spell levels left.
You didn't know any spells.
Your spell library contained the following spells:

 Spells                   Type           Power      Damage    Failure   Level
 Freeze                   Ice            40%        1d6       7%          1
 Slow                     Hex            16%        N/A       13%         1
 Ozocubu's Armour         Ice            10%        N/A       21%         3
 Summon Guardian Golem    Hex/Summ       2%         N/A       43%         3
 Summon Ice Beast         Ice/Summ       5%         N/A       75%         4


Dungeon Overview and Level Annotations

Branches:
Dungeon (1/15)


Innate Abilities, Weirdness & Mutations

You have an increased reservoir of magic. (+10% MP)
You shall have no god before yourself.
Your divine heritage dramatically boosts your attributes as you level up.


Message History

Welcome, blackman the Demigod Wanderer.
You feel drawn to the Orb of Zot, downwards into the unfathomable depths...
Press ? for a list of commands and other information.
Found a staircase leading out of the dungeon.
You begin with the following items: a +0 club, a potion of heal wounds, a +0 robe, a piece from Xom's chessboard (15/15); and the following spells available to memorise: Freeze, Slow, Ozocubu's Armour, Summon Guardian Golem, Summon Ice Beast.
As you open the door, it creaks loudly!
Found a scroll labelled NANTAO FIZO.
There is an open door here.
Found a stone staircase leading down.
A bat comes into view.
You see here a scroll labelled NANTAO FIZO.
A bat is nearby!
The bat misses you.
You closely miss the bat. The bat hits you but does no damage.
The bat hits you.
You completely miss the bat. The bat hits you but does no damage.
The bat closely misses you.
You hit the bat.
You kill the bat!
No target in view!
No target in view!
No target in view!
No target in view!
No target in view!
Okay, then.
You don't know any spells.
Unknown command.
Are you sure you want to abandon this character and quit the game? (Confirm with "yes".)

+.............+......#
####.#####.####...#..#
#.#####.##........#
.........'..#...#.#
####.######.......####
.. ###.?....... ##
#....##.#.## ##...##.#
#.@....# #†..####
....... #.........
#.......### #.......#
#.......# #.......#


There were no monsters in sight!

Vanquished Creatures
  A bat (D:1)
1 creature vanquished.

Notes
Turn   | Place    | Note
-------+----------+-------------------------------------------
     0 | D:1      | blackman the Demigod Wanderer began the quest for the Orb.
     0 | D:1      | blackman set off with the following items: a +0 club, a
                  | potion of heal wounds, a +0 robe, a piece from Xom's
                  | chessboard (15/15); and the following spells available to
                  | memorise: Freeze, Slow, Ozocubu's Armour, Summon Guardian
                  | Golem, Summon Ice Beast.
     0 | D:1      | Reached XP level 1. HP: 14/14 MP: 4/4
    22 | D:1      | Quit the game

Illustrated notes

Levels and vault maps discovered:
D:1:      shiori_shiawase, layout_loops_cross, minmay_pentomino_o2

Action                   || total
-------------------------++-------
Melee: Club              ||     3
Armor: Robe              ||     2
Dodge: Dodged            ||     2

Table legend: (Time is in decaauts)
 A = Elapsed time spent in this place.
 B = Non-inter-level travel time spent in this place.
 C = Inter-level travel time spent in this place.
 D = Time resting spent in this place.
 E = Time spent auto-exploring this place.
 F = Levels seen in this place.
 G = Mean time per level.
                   A        B        C        D        E       F      G
               +--------+--------+--------+--------+--------+-----+--------+
         Total |     22 |     22 |      0 |      0 |     13 |   1 |   22.0 |
       Dungeon |     22 |     22 |      0 |      0 |     13 |   1 |   22.0 |
               +--------+--------+--------+--------+--------+-----+--------+

Top non-repeatable levels by time:
     D:1: 22 daAuts
